 Dungeon Crawl Stone Soup version 0.27-a0-1191-g601b473118 (webtiles) character file.

Game seed: 4828704020239836271

1219 Alarak the Magician (level 8, -2/50 HPs)
             Began as a Djinni Fire Elementalist on May 6, 2021.
             Was a Follower of Makhleb.
             Shot with an arrow by a centaur (7 damage)
             ... on level 6 of the Dungeon on May 23, 2021.
             The game lasted 00:18:22 (7527 turns).

Alarak the Magician (Djinni Fire Elementalist)      Turns: 7527, Time: 00:18:22

Health: -2/50      AC:  4    Str:  7    XL:     8   Next: 75%
Gold:   117        EV: 12    Int: 18    God:    Makhleb [*.....] SH:  0 Dex: 15

rFire    + + .     SeeInvis .   l - +1 dagger (venom)
rCold    . . .     Faith    .   (no shield)
rNeg     . . .     Spirit   .   a - +0 robe
rPois    ∞         Reflect  .   (no helmet)
rElec    .         Harm     .   (no cloak)
rCorr    .         Rampage  .   j - +1 pair of gloves
Will     .....                  (boots unavailable)
Stlth    ++........             (no amulet)
HPRegen  0.16/turn              b - ring of protection from cold
MPRegen  0.00/turn              (no ring)

@: flying
A: sickness immunity, fire resistance 2, cold vulnerability 1, float, innate
caster, hp casting, extra vitality 1
a: Renounce Religion


You were on level 6 of the Dungeon.
You worshipped Makhleb.
Makhleb was aware of your devotion.
You visited 1 branch of the dungeon, and saw 6 of its levels.

You collected 247 gold pieces.
You spent 130 gold pieces at shops.

Inventory:

Hand Weapons
 d - a +0 dagger
 l - a +1 dagger of venom (weapon)
Armour
 a - a +0 robe (worn)
 j - a +1 pair of gloves (worn)
 m - a +0 ring mail
Jewellery
 b - a ring of protection from cold (left hand)
 g - a ring of ice
 s - a ring of resist corrosion
 y - an amulet of reflection
Wands
 e - a wand of flame (27)
Scrolls
 f - 8 scrolls of identify
 i - 5 scrolls of magic mapping
 n - a scroll of enchant armour
 p - a scroll of noise
 q - a scroll of teleportation
 w - a scroll of vulnerability {unknown}
 x - a scroll of silence {unknown}
Potions
 c - a potion of heal wounds
 h - 3 potions of lignification {unknown}
 k - a potion of haste {unknown}
 o - a potion of attraction {unknown}
 r - 2 potions of curing {unknown}
 t - a potion of degeneration {unknown}
 u - a potion of magic {unknown}
 v - a potion of might {unknown}


   Skills:
 - Level 2.6 Dodging
 - Level 1.5 Stealth
 + Level 7.9 Spellcasting


You couldn't memorise any spells.
You knew the following spells:

 Your Spells              Type           Power      Damage    Failure   Level
a - Foxfire               Conj/Fire      100%       2x1d9     1%          1
b - Conjure Flame         Conj/Fire      35%        6-21      1%          3
c - Inner Flame           Hex/Fire       35%        N/A       1%          3
d - Sticky Flame          Conj/Fire      35%        2d5       3%          4
e - Fireball              Conj/Fire      17%        3d9       11%         5
f - Apportation           Tloc           70%        N/A       1%          1
g - Corpse Rot            Necr/Air       N/A        N/A       1%          2
h - Tukima's Dance        Hex            35%        N/A       1%          3
Your spell library was empty.

Dungeon Overview and Level Annotations

Branches:
Dungeon (6/15)
 Temple: D:4-7

Altars:
Fedhas
Hepliaklqana
Makhleb
Ru
Wu Jian
Xom

Shops:
D:4 *   D:5 !


Innate Abilities, Weirdness & Mutations

You are immune to sickness and miasma.
You are immune to poison.
Your flesh is very heat resistant. (rF++)
You are vulnerable to cold. (rC-)
You float through the air rather than walking.
You learn spells naturally, not from books.
Your magical power is your life essence.
You have superior vitality. (+4 HP)


Message History

a +0 giant club; an ogre corpse
k - a dark potion;
w - a scroll labelled KAJYOBAPTU
Items here: ( )) [ ††.
x - a scroll labelled XOIPTA YWISUEGIY
Things that are here:
a +0 mace; a +0 leather armour; an orc corpse
f - 8 scrolls of identify (gained 1)
You now have 117 gold pieces (gained 12).
You see here a +0 hand axe.
i - 5 scrolls of magic mapping (gained 3)
y - an amulet of reflection
Found a stone staircase leading down.
A centaur and a necrophage come into view.
The centaur shouts!
The centaur wields a +0 shortbow.
The centaur shoots an arrow.
The arrow closely misses you.
Casting: Foxfire (safe; 1% risk of failure)
Confirm with . or Enter, or press ? or * to list all spells.
The spell is quite dangerous to cast (11% risk of failure)!
Continue anyway?
Aiming: Fireball (quite dangerous; 11% risk of failure)
Press: ? - help, Shift-Dir - straight line The fireball explodes!
The fireball engulfs the centaur!
The centaur is moderately wounded.
The centaur shoots an arrow.
The arrow barely misses you.
You conjure some foxfire!
The foxfire hits the centaur!
The centaur is severely wounded.
Your foxfire dissipates!
The centaur shoots an arrow.
The arrow hits you!
The centaur shoots an arrow.
The arrow hits you!
The centaur shoots an arrow.
The arrow hits you.
An adder comes into view.
The centaur shoots an arrow.
The arrow hits you!
* * * LOW HITPOINT WARNING * * *
The adder moves out of view.
A bullfrog skeleton comes into view.
The adder hisses angrily.
The centaur shoots an arrow.
The arrow hits you!
* * * LOW HITPOINT WARNING * * *
The centaur shoots an arrow.
The arrow hits you!
You die...

,,,* #........ ,,,* #........
,,,* ########.......>
,,,******#########.....##.......,
,,,,,,,,,,...........#.##....#***
,,,********#..........c....#**
,,,* #..............##
,,.####**###.........n###..#
,,......##......@.S...# ##.#
,,..............#####.# #.#
,,......*#.......# #.# #.#*****
,,......##.......####.# #.c.....
,,.......#.......##...# ##......
,,.......)..)...###.### *$.....
,,......##)......##.# *......
,,......##..........# *###..#
,,...............#### ****,.##


You could see a necrophage, a centaur and an adder.

Vanquished Creatures
  Sigmund (D:2)
  A sky beast (D:5)
  2 ogres
  2 scorpions
  A water moccasin skeleton (D:4)
  A howler monkey (D:5)
  A bullfrog zombie (D:6)
  4 hounds
  A gnoll shaman (D:5)
  An orc priest (D:4)
  2 centaur skeletons (D:5)
  A jelly (D:4)
  Jessica (D:2)
  A bullfrog skeleton (D:5)
  2 orc wizards
  A hound zombie (D:5)
  A hound skeleton (D:5)
  2 adders
  4 gnolls (D:5)
  2 ufetubi (D:5)
  An adder skeleton (D:4)
  5 worms
  A dart slug (D:2)
  15 orcs
  A bat (D:3)
  8 endoplasms
  3 giant cockroaches
  5 goblins
  5 hobgoblins
  3 jackals (D:1)
  11 kobolds
  3 quokkas
  9 ball pythons
  6 frilled lizards
  6 rats
114 creatures vanquished.

Vanquished Creatures (collateral kills)
  9 foxfires (D:1)
9 creatures vanquished.

Vanquished Creatures (others)
  639 foxfires
639 creatures vanquished.

Grand Total: 762 creatures vanquished

Notes
Turn   | Place    | Note
-------+----------+-------------------------------------------
     0 | D:1      | Alarak the Djinni Fire Elementalist began the quest for the
                  | Orb.
     0 | D:1      | Reached XP level 1. HP: 15/15 MP: 0/0
   407 | D:1      | Reached skill level 3 in Spellcasting
   506 | D:1      | Reached XP level 2. HP: 18/21 MP: 0/0
   679 | D:1      | Found a faded altar of an unknown god.
  1638 | D:2      | Noticed Jessica
  1642 | D:2      | Reached XP level 3. HP: 14/25 MP: 0/0
  1642 | D:2      | Learned a level 1 spell: Apportation
  1642 | D:2      | Killed Jessica
  1643 | D:2      | Reached skill level 4 in Spellcasting
  2103 | D:2      | Reached XP level 4. HP: 16/31 MP: 0/0
  2103 | D:2      | Reduced skill Spellcasting to level 3
  2103 | D:2      | Upgraded the game from 0.27-a0-1136-g0b992a5a9d to
                  | 0.27-a0-1191-g601b473118
  2252 | D:2      | You are sucked into a shaft and drop 1 floor!
  2523 | D:2      | Noticed Sigmund
  2571 | D:2      | HP: 1/31 [something/magic dart (9)]
  3200 | D:2      | Killed Sigmund
  3201 | D:2      | Reached skill level 4 in Spellcasting
  3201 | D:2      | Reached XP level 5. HP: 24/35 MP: 0/0
  3201 | D:2      | Learned a level 2 spell: Corpse Rot
  3201 | D:2      | Reached XP level 6. HP: 27/40 MP: 0/0
  3536 | D:3      | Reached skill level 5 in Spellcasting
  3560 | D:3      | Found a blossoming altar of Fedhas.
  3761 | D:3      | Found a sacrificial altar of Ru.
  4876 | D:4      | Reached XP level 7. HP: 37/45 MP: 0/0
  4876 | D:4      | Learned a level 3 spell: Tukima's Dance
  5595 | D:4      | Found Ceemej's Assorted Antiques.
  5601 | D:4      | Bought a scratched marble ring for 130 gold pieces
  5741 | D:4      | Found a burning altar of Makhleb.
  5773 | D:4      | Became a worshipper of Makhleb the Destroyer
  5805 | D:5      | Entered Level 5 of the Dungeon
  5809 | D:5      | Reached skill level 6 in Spellcasting
  6227 | D:5      | Reached XP level 8. HP: 32/50 MP: 0/0
  6405 | D:5      | Found an ornate altar of the Wu Jian Council.
  6411 | D:5      | Found a hazy altar of Hepliaklqana.
  6412 | D:5      | Found a shimmering altar of Xom.
  6430 | D:5      | Found Zin Fabb's Distillery.
  6454 | D:5      | Reached skill level 7 in Spellcasting
  6831 | D:5      | Reached * piety under Makhleb
  7527 | D:6      | Shot with an arrow by a centaur

Illustrated notes

Levels and vault maps discovered:
D:1:      lightli_arrival_statue_moat, layout_loops_corners, serial_forest,
          infiniplex_forest_lined_ring, infiniplex_forest_clump_cross,
          infiniplex_forest_fountain, infiniplex_forest_end_2,
          infiniplex_forest_lined_room_2, infiniplex_forest_end_1,
          infiniplex_forest_lined_room_3, infiniplex_forest_end_2,
          infiniplex_forest_side_room, shapermc_ecumenical_altar_mp_vishouse
D:2:      layout_rooms, uniq_sigmund, uniq_jessica
D:3:      layout_basic, nicolae_ru_great_annihilating_truth,
          nicolae_overflow_crystal_walls, bh_walls_and_bars
D:4:      layout_basic, makhleb_blood_cavern_becter, serial_shops,
          nicolae_shop_trees
D:5:      layout_cave_pools, gammafunk_temple_overflow_forgotten,
          enter_ossuary_1, serial_shops, shop
D:6:      layout_rooms

Skill      XL: |  1  2  3  4  5  6  7  8 |
---------------+-------------------------+-----
Spellcasting   | 3 4 4 5 6 7 |  7.9
Dodging        | |  2.6
Stealth        | |  1.5

Action                   |  1- 3 |  4- 6 |  7- 9 || total
-------------------------+-------+-------+-------++-------
Melee: Unarmed           |     1 |       |       ||     1
       Dagger            |       |       |     2 ||     2
 Cast: Foxfire           |    79 |   149 |   162 ||   390
       Fireball          |       |       |     1 ||     1
  Use: Scroll            |       |       |     6 ||     6
Armor: Robe              |     1 |     4 |     6 ||    11
Dodge: Dodged            |       |     3 |    28 ||    31

Table legend: (Time is in decaauts)
 A = Elapsed time spent in this place.
 B = Non-inter-level travel time spent in this place.
 C = Inter-level travel time spent in this place.
 D = Time resting spent in this place.
 E = Time spent auto-exploring this place.
 F = Levels seen in this place.
 G = Mean time per level.
                   A        B        C        D        E       F      G
               +--------+--------+--------+--------+--------+-----+--------+
         Total |   7530 |   7202 |    328 |   1226 |   5283 |   6 | 1255.0 |
       Dungeon |   7530 |   7202 |    328 |   1226 |   5283 |   6 | 1255.0 |
               +--------+--------+--------+--------+--------+-----+--------+

Top non-repeatable levels by time:
     D:1: 1917 daAuts
     D:4: 1554 daAuts
     D:2: 1520 daAuts
     D:5: 1156 daAuts
     D:3: 1090 daAuts
     D:6: 291 daAuts
